 Dungeon Crawl Stone Soup version 0.18-a0-1718-g40ea4b6 (webtiles) character file.

546 namelastname112 the Ruffian (level 7, -1/44 HPs)
             Began as a Gargoyle Monk on Apr 8, 2016.
             Was an Initiate of Gozag.
             Killed by nerve-wracking pain
             ... invoked by an orc priest
              (4 damage)
             ... on level 5 of the Dungeon.
             The game lasted 00:07:14 (4284 turns).

namelastname112 the Ruffian (Gargoyle Monk)         Turns: 4284, Time: 00:07:15

Health: -1/44      AC: 11    Str: 16    XL:     7   Next: 28%
Magic:  7/7        EV: 13    Int: 11    God:    Gozag
Gold:   522        SH:  0    Dex: 12    Spells: 0 memorised, 6 levels left

rFire  . . .     SeeInvis .       - Unarmed
rCold  . . .     Gourm    .     l - +0 leather armour
rNeg   + . .     Faith    .     (no shield)
rPois  ∞         Spirit   .     (no helmet)
rElec  +         Dismiss  .     (no cloak)
rCorr  .         Reflect  .     p - +0 pair of gloves
SustAt .         Harm     .     (no boots)
MR     .....                    (no amulet)
Stlth  ++........               (no ring)
                                g - +2 ring of protection

@: not resistant to hostile enchantments, unstealthy
A: negative energy resistance 1, electricity resistance, unbreathing,
petrification resistance, rot immunity, AC +4
a: Potion Petition, Call Merchant, Bribe Branch, Renounce Religion


You were on level 5 of the Dungeon.
You worshipped Gozag.
Gozag was noncommittal.
You were hungry.

You visited 1 branch of the dungeon, and saw 5 of its levels.

You collected 522 gold pieces.

Inventory:

Armour
 l - a +0 leather armour (worn)
 p - a +0 pair of gloves (worn)
Jewellery
 g - a +2 ring of protection (left hand)
Scrolls
 c - a scroll of fog {unknown}
 d - a scroll of remove curse {unknown}
 e - a scroll of random uselessness {unknown}
 j - a scroll of enchant weapon {unknown}
 m - 4 scrolls of identify {unknown}
 n - 2 scrolls of blinking {unknown}
 o - a scroll of enchant armour {unknown}
Potions
 a - a potion of flight {unknown}
 h - a potion of beneficial mutation {unknown}
 i - a potion of might {unknown}
 k - 2 potions of heal wounds {unknown}
Comestibles
 b - 5 bread rations
 f - 3 beef jerkies
 q - a meat ration


   Skills:
 + Level 5.2 Fighting
 + Level 3.1 Armour
 + Level 3.7 Dodging
 - Level 2.1 Stealth
 * Level 6.1 Unarmed Combat


You had 6 spell levels left.
You didn't know any spells.

Dungeon Overview and Level Annotations

Branches:
Dungeon (5/15)
 Temple: D:4-7

Altars:
Ashenzari
Gozag
Makhleb
Nemelex Xobeh

Annotations:
D:4 Ijustatesigmund's ghost, novice SpAs
D:5 Menkaure


Innate Abilities, Weirdness & Mutations

You are resistant to torment.
Your stone body is resilient (AC +4).
You are immune to poison.
You resist negative energy.
You are resistant to electric shocks.
You can survive without breathing.
You are immune to petrification.
You are immune to rotting.


Message History

The orc priest hits you but does no damage.
Menkaure casts a spell at you. Pain shoots through your body!
The orc barely misses you.
You barely miss Menkaure.
Menkaure is moderately damaged.
The crimson imp misses you. Menkaure closely misses you.
The orc priest barely misses you. The orc hits you with a mace.
The crimson imp gestures.
The crimson imp blinks!
The orc hits you with a mace.
* * * LOW HITPOINT WARNING * * *
The orc priest invokes the aid of Beogh against you.
Beogh smites you!
* * * LOW HITPOINT WARNING * * *
Menkaure hits you but does no damage.
The orc priest calls down the wrath of Beogh upon you.
Pain shoots through your body!
You die...
Your body crumbles into a pile of gold.

### ..# #.# #.# #
############.##### #########
#........M.@.....# #........
##.#####..oo......###........
.##....###.a.a......#..........
..!.....5...........#..........
....................#..........
.........)#............(.......
###....#.##........##..........
.......#.##................#...
###....#.########.#.######.#...


You could see Menkaure, 2 worker ants, an orc priest, a crimson imp and an orc.

Vanquished Creatures
  2 phantoms
  A scorpion (D:5)
  A howler monkey (D:5)
  A hound (D:5)
  A giant frog skeleton (D:5)
  An orc priest (D:3)
  Ijyb (D:3)
  4 adders
  An ooze (D:5)
  4 worms
  2 dart slugs
  6 giant geckos
  4 orcs
  2 ball pythons
  A giant cockroach (D:5)
  6 goblins
  13 hobgoblins
  15 jackals
  2 quokkas
  9 bats
  10 giant newts
  11 kobolds
  9 rats
107 creatures vanquished.

Notes
Turn   | Place    | Note
--------------------------------------------------------------
     0 | D:1      | namelastname112 the Gargoyle Monk began the quest for the Orb.
     0 | D:1      | Reached XP level 1. HP: 14/14 MP: 1/1
   237 | D:1      | Reached XP level 2. HP: 19/19 MP: 2/2
   724 | D:1      | Reached XP level 3. HP: 24/24 MP: 3/3
  1020 | D:2      | Found a burning altar of Makhleb.
  1107 | D:2      | Reached skill level 1 in Armour
  1195 | D:2      | Reached XP level 4. HP: 29/29 MP: 4/4
  1759 | D:3      | Noticed Ijyb
  1799 | D:3      | Killed Ijyb
  1926 | D:3      | Found an opulent altar of Gozag.
  1935 | D:3      | Became a worshipper of Gozag Ym Sagoz the Greedy
  2136 | D:3      | Reached XP level 5. HP: 31/33 MP: 5/5
  2332 | D:3      | Reached skill level 5 in Unarmed Combat
  2691 | D:3      | Found a sparkling altar of Nemelex Xobeh.
  2947 | D:4      | Noticed Ijustatesigmund's ghost (novice SpAs)
  3461 | D:4      | Noticed a phantom
  3540 | D:4      | Killed a phantom
  3540 | D:4      | Reached XP level 6. HP: 15/39 MP: 6/6
  3802 | D:5      | Entered Level 5 of the Dungeon
  3831 | D:5      | Found a shattered altar of Ashenzari.
  3922 | D:5      | Noticed a phantom
  3972 | D:5      | Killed a phantom
  3972 | D:5      | Reached skill level 5 in Fighting
  3972 | D:5      | Reached skill level 6 in Unarmed Combat
  3972 | D:5      | Reached XP level 7. HP: 16/44 MP: 7/7
  4267 | D:5      | Noticed Menkaure
  4284 | D:5      | Killed from afar by an orc priest

Vault maps used:
D:1:      dpeg_arrival_simpleton_b
D:2:      lemuel_doored_altar, minmay_lizard_king
D:3:      nicolae_overflow_crystal_walls, marbit_many_paths, uniq_iyjb
D:4:      gammafunk_temple_overflow_claw, first_bread, minmay_cupped
D:5:      johnstein_pakellas_death_squad, kennysheep_mini_moat, uniq_menkaure

Skill      XL: |  1  2  3  4  5  6 |
---------------+-------------------+-----
Fighting       | 4 5 |  5.2
Armour         | 1 2 3 |  3.1
Dodging        | 3 |  3.7
Unarmed Combat | 5 6 |  6.1
Stealth        | |  2.1

Action                   |  1- 3 |  4- 6 |  7- 9 || total
-------------------------+-------+-------+-------++-------
Melee: Unarmed           |   142 |   354 |    20 ||   516
 Stab: Sleeping          |     2 |     6 |     1 ||     9
       Distracted        |       |     1 |       ||     1
  Eat: Chunk             |     1 |     3 |       ||     4
       Meat ration       |       |     1 |       ||     1
       Pizza             |       |     1 |       ||     1
